TOP OF THE 1ST |
Florida Gators batting - Pitching for Oregon Ducks : RHP Sergio Pérez
|
Pitching: RHP Sergio Pérez
|
|
Batting: RHB Mike Kennedy
|
0-0: Ground out 6-3 (Groundball, 6)
|
Batting: RHB Miguel Jaramillo
|
0-0: Fly out, F8 (Flyball, 8RM)
|
Batting: LHB Chad Aguilar
|
0-0: Ball 1-0: Fly out, F8 (Flyball, 8RM)
|
Top of the 1st over - 0 runs, 0 hits, 0 errors, 0 left on base; Florida 0 - Oregon 0 |
BOTTOM OF THE 1ST |
Oregon Ducks batting - Pitching for Florida Gators : LHP Russell Bailey
|
Pitching: LHP Russell Bailey
|
|
Batting: RHB Floyd Turner
|
0-0: Ball 1-0: Ball 2-0: Ball 3-0: Called Strike 3-1: Foul Ball, location: 2F 3-2: Base on Balls
|
Batting: RHB Ed Hines
|
0-0: Ball 1-0: Ball 2-0: Foul Ball, location: 2F 2-1: Called Strike 2-2: Foul Ball, location: 2F 2-2: Ball 3-2: Fly out, F8 (Flyball, 8RD)
|
Batting: RHB Scott Elliott
|
Pickoff Throw to First - Out! 0-0: Ball 1-0: Called Strike 1-1: Fly out, F1 (Line Drive, 13)
|
Bottom of the 1st over - 0 runs, 0 hits, 0 errors, 0 left on base; Florida 0 - Oregon 0 |
TOP OF THE 2ND |
Florida Gators batting - Pitching for Oregon Ducks : RHP Sergio Pérez
|
Batting: RHB Ryan Huber
|
0-0: Ball 1-0: Called Strike 1-1: Ball 2-1: Foul Ball, location: 2F 2-2: SINGLE (Groundball, 6MD)
|
Batting: RHB Dwayne Dickey
|
0-0: Ball 1-0: Called Strike 1-1: Foul Ball, location: 2F 1-2: 2-RUN HOME RUN (Flyball, 7LD), Distance : 341 ft
|
Batting: LHB Daniel Brennan
|
0-0: Ball 1-0: Fly out, F4 (Line Drive, 4M)
|
Batting: RHB David Martin
|
0-0: Called Strike 0-1: Ball 1-1: Ground out 4-3 (Groundball, 4)
|
Batting: LHB Eddie Winters
|
0-0: Called Strike 0-1: Ball 1-1: Fly out, F8 (Line Drive, 8LM)
|
Top of the 2nd over - 2 runs, 2 hits, 0 errors, 0 left on base; Florida 2 - Oregon 0 |
BOTTOM OF THE 2ND |
Oregon Ducks batting - Pitching for Florida Gators : LHP Russell Bailey
|
Batting: RHB Greg Huggins
|
0-0: Fly out, F8 (Flyball, 8RXD)
|
Batting: LHB Kay Hennessey
|
0-0: Ball 1-0: Ball 2-0: Ball 3-0: Base on Balls
|
Batting: RHB Robin Mitchell
|
0-0: Called Strike 0-1: Foul Ball, location: 2F 0-2: Grounds into double play, 5-4-3 (Groundball, 5L)
|
Bottom of the 2nd over - 0 runs, 0 hits, 0 errors, 0 left on base; Florida 2 - Oregon 0 |
TOP OF THE 3RD |
Florida Gators batting - Pitching for Oregon Ducks : RHP Sergio Pérez
|
Batting: RHB Fred Byrd
|
0-0: Ball 1-0: DOUBLE (Line Drive, 7LD)
|
Batting: RHB Mike Kennedy
|
0-0: Swinging Strike 0-1: Ball 1-1: Ball 2-1: Fly out, F5 (Popup, 56)
|
Batting: RHB Miguel Jaramillo
|
0-0: Foul Ball, location: 2F 0-1: Ball 1-1: Ball 2-1: Ground out 5-3 (Groundball, 25) Fred Byrd to third
|
Batting: LHB Chad Aguilar
|
0-0: Ball 1-0: Ball 2-0: Foul Ball, location: 2F 2-1: Ball 3-1: Ground out 4-3 (Groundball, 34)
|
Top of the 3rd over - 0 runs, 1 hit, 0 errors, 1 left on base; Florida 2 - Oregon 0 |
BOTTOM OF THE 3RD |
Oregon Ducks batting - Pitching for Florida Gators : LHP Russell Bailey
|
Batting: LHB Mike Sims
|
0-0: Fly out, F8 (Flyball, 78D)
|
Batting: RHB César Fuentes
|
0-0: SINGLE (Line Drive, 4D)
|
Batting: RHB Chris Christopher
|
0-0: Ball 1-0: Ball 2-0: Called Strike 2-1: SINGLE (Popup, 25) César Fuentes to second
|
Batting: RHB Floyd Turner
|
0-0: Fielders Choice at 2nd, 3-6 (Groundball, 34) César Fuentes to third
|
Batting: RHB Ed Hines
|
0-0: Ball 1-0: Swinging Strike 1-1: Foul Ball, location: 2F 1-2: Strikes out swinging
|
Bottom of the 3rd over - 0 runs, 2 hits, 0 errors, 2 left on base; Florida 2 - Oregon 0 |
TOP OF THE 4TH |
Florida Gators batting - Pitching for Oregon Ducks : RHP Sergio Pérez
|
Batting: RHB Ryan Huber
|
0-0: Swinging Strike 0-1: Ball 1-1: Ball 2-1: Called Strike 2-2: Foul Ball, location: 2F 2-2: Ground out 6-3 (Groundball, 6M)
|
Batting: RHB Dwayne Dickey
|
0-0: Called Strike 0-1: Ball 1-1: Ball 2-1: DOUBLE (Flyball, 8LXD)
|
Pitching: RHP Larry Messer
|
|
Batting: LHB Daniel Brennan
|
0-0: Swinging Strike 0-1: Foul Ball, location: 2F 0-2: Ball 1-2: Fly out, F8 (Line Drive, 8LD)
|
Batting: RHB David Martin
|
0-0: Called Strike 0-1: Swinging Strike 0-2: Strikes out swinging
|
Top of the 4th over - 0 runs, 1 hit, 0 errors, 1 left on base; Florida 2 - Oregon 0 |
BOTTOM OF THE 4TH |
Oregon Ducks batting - Pitching for Florida Gators : LHP Russell Bailey
|
Batting: RHB Scott Elliott
|
0-0: Called Strike 0-1: Called Strike 0-2: Ball 1-2: Strikes out looking
|
Batting: RHB Greg Huggins
|
0-0: Called Strike 0-1: Ball 1-1: Fly out, F4 (Popup, 3D)
|
Batting: LHB Kay Hennessey
|
0-0: Called Strike 0-1: Ball 1-1: Called Strike 1-2: Strikes out swinging
|
Bottom of the 4th over - 0 runs, 0 hits, 0 errors, 0 left on base; Florida 2 - Oregon 0 |
TOP OF THE 5TH |
Florida Gators batting - Pitching for Oregon Ducks : RHP Larry Messer
|
Batting: LHB Eddie Winters
|
0-0: Ball 1-0: Ball 2-0: Ball 3-0: Base on Balls
|
Batting: RHB Fred Byrd
|
0-0: Ball 1-0: Foul Ball, location: 2F 1-1: Swinging Strike 1-2: Ball 2-2: Strikes out swinging
|
Batting: RHB Mike Kennedy
|
Balk! Eddie Winters to second 0-0: Called Strike 0-1: Foul Ball, location: 2F 0-2: Ball 1-2: SINGLE (Flyball, 78S) Eddie Winters to third
|
Batting: RHB Miguel Jaramillo
|
0-0: Ball 1-0: SINGLE (Flyball, 9S) Eddie Winters scores Mike Kennedy to second Runner from 2nd tries for 3rd, SAFE, no throw
|
Batting: LHB Chad Aguilar
|
0-0: Ball 1-0: Foul Ball, location: 2F 1-1: Ball 2-1: Ball 3-1: Base on Balls Miguel Jaramillo to second
|
Batting: RHB Ryan Huber
|
0-0: Ball 1-0: Ball 2-0: Fielders Choice at 2nd, 5-4 (Groundball, 56) Mike Kennedy scores Miguel Jaramillo to third
|
Batting: RHB Dwayne Dickey
|
0-0: Swinging Strike 0-1: Swinging Strike 0-2: Ball 1-2: Ball 2-2: Ball 3-2: Foul Ball, location: 2F 3-2: Foul Ball, location: 2F 3-2: Base on Balls Ryan Huber to second
|
Batting: LHB Daniel Brennan
|
0-0: Ball 1-0: Fly out, F3 (Flyball, 3D)
|
Top of the 5th over - 2 runs, 2 hits, 0 errors, 3 left on base; Florida 4 - Oregon 0 |
BOTTOM OF THE 5TH |
Oregon Ducks batting - Pitching for Florida Gators : LHP Russell Bailey
|
Batting: RHB Robin Mitchell
|
0-0: Called Strike 0-1: SINGLE (Groundball, 56S) (infield hit)
|
Batting: LHB Mike Sims
|
0-0: 2-RUN HOME RUN (Flyball, 9LD), Distance : 316 ft
|
Batting: RHB César Fuentes
|
0-0: Foul Ball, location: 2F 0-1: Ball 1-1: Foul Ball, location: 2F 1-2: Strikes out swinging
|
Batting: RHB Chris Christopher
|
0-0: Swinging Strike 0-1: Foul Ball, location: 2F 0-2: Foul Ball, location: 2F 0-2: Ball 1-2: Foul Ball, location: 2F 1-2: Strikes out looking
|
Batting: RHB Floyd Turner
|
0-0: Ball 1-0: Ball 2-0: Fly out, F9 (Flyball, 9LS)
|
Bottom of the 5th over - 2 runs, 2 hits, 0 errors, 0 left on base; Florida 4 - Oregon 2 |
TOP OF THE 6TH |
Florida Gators batting - Pitching for Oregon Ducks : RHP Larry Messer
|
Batting: RHB David Martin
|
0-0: Ball 1-0: SINGLE (Flyball, 89S)
|
Batting: LHB Eddie Winters
|
0-0: Ball 1-0: Ball 2-0: Called Strike 2-1: Swinging Strike 2-2: SINGLE (Groundball, 34) David Martin to second Runner from 2nd tries for 3rd, SAFE, no throw
|
Pitching: RHP Dave Bryant
|
|
Batting: RHB Fred Byrd
|
0-0: Ball 1-0: Ball 2-0: Ball 3-0: Base on Balls Eddie Winters to second
|
Batting: RHB Mike Kennedy
|
0-0: Called Strike 0-1: Swinging Strike 0-2: Foul Ball, location: 2F 0-2: Ball 1-2: Grounds into double play, 4-2-3 (Groundball, 34) Eddie Winters to third Fred Byrd to second
|
Batting: RHB Miguel Jaramillo
|
0-0: Ball 1-0: Foul Ball, location: 2F 1-1: Foul Ball, location: 2F 1-2: Ball 2-2: Ball 3-2: Foul Ball, location: 2F 3-2: Base on Balls
|
Batting: LHB Chad Aguilar
|
0-0: Ball 1-0: Ball 2-0: Called Strike 2-1: Foul Ball, location: 2F 2-2: Strikes out swinging
|
Top of the 6th over - 0 runs, 2 hits, 0 errors, 3 left on base; Florida 4 - Oregon 2 |
BOTTOM OF THE 6TH |
Oregon Ducks batting - Pitching for Florida Gators : LHP Russell Bailey
|
Batting: RHB Ed Hines
|
0-0: Ground out U3 (Groundball, 34S)
|
Batting: RHB Scott Elliott
|
0-0: Foul Ball, location: 2F 0-1: Swinging Strike 0-2: Ball 1-2: Foul Ball, location: 2F 1-2: Ball 2-2: Ball 3-2: Foul Ball, location: 2F 3-2: Foul Ball, location: 2F 3-2: Foul Ball, location: 2F 3-2: Fly out, F2 (Popup, 23F)
|
Batting: RHB Greg Huggins
|
0-0: Ground out 6-3 (Groundball, 6)
|
Bottom of the 6th over - 0 runs, 0 hits, 0 errors, 0 left on base; Florida 4 - Oregon 2 |
TOP OF THE 7TH |
Florida Gators batting - Pitching for Oregon Ducks : RHP Dave Bryant
|
Batting: RHB Ryan Huber
|
0-0: Called Strike 0-1: Ball 1-1: Foul Ball, location: 2F 1-2: Ball 2-2: Foul Ball, location: 2F 2-2: Ball 3-2: Foul Ball, location: 2F 3-2: Foul Ball, location: 2F 3-2: Base on Balls
|
Batting: RHB Dwayne Dickey
|
0-0: Ball 1-0: Fly out, F8 (Flyball, 8RS)
|
Batting: LHB Daniel Brennan
|
0-0: Ball Ryan Huber steals 2nd base 1-0: Intentional Walk
|
Pinch Hitting: RHB Dan Britt
|
0-0: Swinging Strike 0-1: SINGLE (Groundball, 56D) Ryan Huber to third Daniel Brennan to second Runner from 3rd tries for Home, SAFE, throw made home
|
Batting: LHB Eddie Winters
|
0-0: Fielders Choice at 2nd, 1-6 (Groundball, P) Daniel Brennan to third
|
Batting: RHB Fred Byrd
|
0-0: Called Strike 0-1: Ground out 4-3 (Groundball, 4)
|
Top of the 7th over - 1 run, 1 hit, 0 errors, 2 left on base; Florida 5 - Oregon 2 |
BOTTOM OF THE 7TH |
Oregon Ducks batting - Pitching for Florida Gators : LHP Russell Bailey
|
Now in LF: Nick Ratzlaff
|
|
Batting: LHB Kay Hennessey
|
0-0: Called Strike 0-1: Ball 1-1: Ball 2-1: Foul Ball, location: 2F 2-2: Ball 3-2: Base on Balls
|
Pitching: RHP Walt Wall
|
|
Batting: RHB Robin Mitchell
|
0-0: Ball 1-0: Foul Ball, location: 2F 1-1: Ball 2-1: Foul Ball, location: 2F 2-2: SINGLE (Flyball, 9LS) Kay Hennessey to second Runner from 2nd tries for 3rd, SAFE, no throw
|
Batting: LHB Mike Sims
|
0-0: Ball
|
|
|
|
1-0: Ball 2-0: Called Strike 2-1: Foul Ball, location: 2F 2-2: Ball 3-2: SINGLE (Groundball, 4D) Kay Hennessey scores Robin Mitchell to second Runner from 2nd tries for 3rd, SAFE, throw made to third
|
Batting: RHB César Fuentes
|
0-0: Ball 1-0: Ball 2-0: Called Strike 2-1: Ball 3-1: Swinging Strike 3-2: Strikes out swinging Mike Sims is caught stealing 2nd base Batter strikes out.
|
Batting: RHB Chris Christopher
|
0-0: Called Strike 0-1: Ball 1-1: Ball 2-1: Ball 3-1: Base on Balls
|
Batting: RHB Floyd Turner
|
0-0: Fly out, F8 (Line Drive, 89D)
|
Bottom of the 7th over - 1 run, 2 hits, 0 errors, 2 left on base; Florida 5 - Oregon 3 |
TOP OF THE 8TH |
Florida Gators batting - Pitching for Oregon Ducks : RHP Dave Bryant
|
Batting: RHB Mike Kennedy
|
0-0: Ball 1-0: Ball 2-0: Foul Ball, location: 2F 2-1: Foul Ball, location: 2F 2-2: Ball 3-2: Fly out, F6 (Popup, 6S)
|
Batting: RHB Miguel Jaramillo
|
0-0: Foul Ball, location: 2F 0-1: Foul Ball, location: 2F 0-2: Ball 1-2: Ball 2-2: Ball 3-2: Foul Ball, location: 2F 3-2: SINGLE (Line Drive, 4MD)
|
Batting: LHB Chad Aguilar
|
0-0: Called Strike 0-1: SINGLE (Groundball, 3) (infield hit) Miguel Jaramillo to second
|
Batting: RHB Ryan Huber
|
0-0: Ball 1-0: Called Strike 1-1: Ball 2-1: Swinging Strike 2-2: Ball 3-2: 3-RUN HOME RUN (Flyball, 7D), Distance : 344 ft
|
Batting: RHB Dwayne Dickey
|
0-0: Swinging Strike 0-1: Ball 1-1: Foul Ball, location: 2F 1-2: Fly out, F4 (Line Drive, 4)
|
Batting: LHB Daniel Brennan
|
0-0: Called Strike 0-1: Ball 1-1: Called Strike 1-2: SINGLE (Flyball, 89M)
|
Pitching: RHP Brian Goodwin
|
|
Batting: SHB Nick Ratzlaff
|
0-0: Fly out, F9 (Flyball, 9)
|
Top of the 8th over - 3 runs, 4 hits, 0 errors, 1 left on base; Florida 8 - Oregon 3 |
BOTTOM OF THE 8TH |
Oregon Ducks batting - Pitching for Florida Gators : RHP Walt Wall
|
Now at C: Luis Noriega
|
|
Batting: RHB Ed Hines
|
0-0: Called Strike 0-1: Hit by Pitch
|
Batting: RHB Scott Elliott
|
0-0: Ball 1-0: Ball 2-0: Ball 3-0: Swinging Strike 3-1: DOUBLE (Line Drive, 7D) Ed Hines to third
|
Batting: RHB Greg Huggins
|
0-0: Ball 1-0: DOUBLE (Flyball, 8RD) Ed Hines scores Scott Elliott scores
|
Pitching: RHP Peter Poe
|
|
Batting: LHB Kay Hennessey
|
0-0: Called Strike 0-1: Fly out, F3 (Popup, 3S)
|
Batting: RHB Robin Mitchell
|
0-0: Ball 1-0: Called Strike 1-1: Swinging Strike 1-2: Hit by Pitch
|
Batting: LHB Mike Sims
|
0-0: Called Strike 0-1: Swinging Strike 0-2: Ball 1-2: Strikes out swinging
|
Batting: RHB César Fuentes
|
0-0: Fly out, F8 (Flyball, 8RM)
|
Bottom of the 8th over - 2 runs, 2 hits, 0 errors, 2 left on base; Florida 8 - Oregon 5 |
TOP OF THE 9TH |
Florida Gators batting - Pitching for Oregon Ducks : RHP Brian Goodwin
|
Pitching: RHP Jason McBride
|
|
Batting: LHB Eddie Winters
|
0-0: Called Strike 0-1: Called Strike 0-2: SINGLE (Flyball, 7S)
|
Batting: RHB Fred Byrd
|
0-0: Ball 1-0: Ball 2-0: Ball 3-0: Base on Balls Eddie Winters to second
|
Batting: RHB Mike Kennedy
|
0-0: Fly out, F8 (Flyball, 8RXD) Runner from 2nd tags up, SAFE at 3rd, no throw
|
Batting: RHB Miguel Jaramillo
|
0-0: Ball 1-0: Ball 2-0: Called Strike 2-1: Foul Ball, location: 2F 2-2: Foul Ball, location: 2F 2-2: Ground out 3-1 (Groundball, 34S) Fred Byrd to second
|
Batting: LHB Chad Aguilar
|
0-0: Called Strike 0-1: Foul Ball, location: 2F 0-2: Ball 1-2: Ball 2-2: Ball 3-2: Base on Balls
|
Batting: RHB Ryan Huber
|
0-0: Ball 1-0: Foul Ball, location: 2F 1-1: Swinging Strike 1-2: Ball 2-2: Foul Ball, location: 2F 2-2: Fielders Choice at 2nd, 6-4 (Groundball, 6)
|
Top of the 9th over - 0 runs, 1 hit, 0 errors, 3 left on base; Florida 8 - Oregon 5 |
BOTTOM OF THE 9TH |
Oregon Ducks batting - Pitching for Florida Gators : RHP Peter Poe
|
Batting: RHB Chris Christopher
|
0-0: Ball 1-0: Called Strike 1-1: Ball 2-1: SOLO HOME RUN (Flyball, 8RXD), Distance : 386 ft
|
Batting: RHB Floyd Turner
|
0-0: Called Strike 0-1: Ball 1-1: SINGLE (Flyball, 9)
|
Batting: RHB Ed Hines
|
0-0: Ball 1-0: Ball 2-0: Swinging Strike 2-1: Foul Ball, location: 2F 2-2: Ball 3-2: Foul Ball, location: 2F 3-2: Strikes out swinging
|
Batting: RHB Scott Elliott
|
0-0: Foul Ball, location: 2F 0-1: Called Strike 0-2: Ball 1-2: Ball 2-2: Ball 3-2: Base on Balls Floyd Turner to second
|
Batting: RHB Greg Huggins
|
0-0: Foul Ball, location: 2F 0-1: Ball 1-1: Fly out, F8 (Flyball, 8LD)
|
Batting: LHB Kay Hennessey
|
0-0: Ball 1-0: Ball 2-0: Ball 3-0: Called Strike 3-1: Base on Balls Floyd Turner to third Scott Elliott to second
|
Pitching: RHP Christian Caine
|
|
Batting: RHB Robin Mitchell
|
0-0: Called Strike 0-1: Ball 1-1: Fly out, F7 (Flyball, 7S)
|
Bottom of the 9th over - 1 run, 2 hits, 0 errors, 3 left on base; Florida 8 - Oregon 6 |
|
Saturday, April 7th, 2018 - OOTP Baseball 18.8 Build 76
|
|